FLORIDA vs VANCOUVER

Created - May 7, 2021 at 14:53

Goals
1 2 3 T
FLORIDA 0 1 0 1
VANCOUVER 1 1 1 3
Shots
1 2 3 T
FLORIDA 11 9 5 25
VANCOUVER 6 9 9 24

1st period

1. VANCOUVER , Hampus Lindholm 7 (Nazem Kadri 15, Jonathan Huberdeau 23) at 11:50 (PP)

Penalties :
Nikolaj Ehlers (VAN) for Fighting (Major) at 1:29, Micheal Ferland (FLA) for Fighting (Major) at 1:29, Micheal Ferland (FLA) for instigated a fight (Game Misconduct) at 1:29, Jakub Vrana (VAN) for Fighting (Major) at 1:29, Ilya Lyubushkin (FLA) for Fighting (Major) at 1:29, Nick Schmaltz (VAN) for Slashing (Minor) at 1:29, Hampus Lindholm (VAN) for Roughing (Minor) at 1:29, Denis Malgin (FLA) for Roughing (Minor) at 1:29, Ryan Donato (FLA) for Roughing (Minor) at 1:29, Sami Vatanen (VAN) for Interference (Minor) at 1:29, Riley Stillman (VAN) for Elbowing (Minor) at 4:57, Erik Johnson (VAN) for Holding (Minor) at 5:46, Markus Granlund (FLA) for Hooking (Minor) at 8:15, Nikolaj Ehlers (VAN) for Tripping (Minor) at 8:26, Ryan Donato (FLA) for Delaying the game (Minor) at 10:42, Mark Stone (VAN) for Interference (Minor) at 18:23

2nd period

2. FLORIDA , Joe Thornton 19 (Patrick Marleau 21, Martin Necas 24) at 3:42
3. VANCOUVER , Mark Stone 15 (Nazem Kadri 16, Ryan Ellis 35) at 17:50

Penalties :
Nazem Kadri (VAN) for Hooking (Minor) at 1:27, Brian Boyle (VAN) for Slashing (Minor) at 9:29

3rd period

4. VANCOUVER , Brian Boyle 9 (Ryan Ellis 36, Mark Stone 27) at 9:22

Penalties :
No Penalty

Goalie Stats

Jimmy Howard (FLA), 21 saves from 24 shots - (0.875), L, 14-27-9, 60:00 minutes
Petr Mrazek (VAN), 24 saves from 25 shots - (0.960), W, 24-34-5, 60:00 minutes

Players Stats for FLORIDA

Player Name              G  A  P  +/- PIM S  H  SB GA TA FO     MP     PP MP  PK MP  
------------------------------------------------------------------------------------
Alex Galchenyuk          0  0  0  -1  0   0  0  0  0  0  0/0    17:47   3:56   0:00 
Brett Ritchie            0  0  0  -1  0   0  1  0  0  0  0/0    13:51   0:00   0:00 
Dante Fabbro             0  0  0   1  0   2  1  0  0  0  0/0    24:27   4:26   0:41 
Denis Malgin             0  0  0   0  2   1  0  0  0  0  0/0    11:49   0:40   0:00 
Drake Batherson          0  0  0  -1  0   0  3  0  0  0  4/9    17:57   0:51   0:12 
Ilya Lyubushkin          0  0  0  -1  5   0  2  0  0  0  0/0    14:31   0:00   0:00 
Joakim Nordstrom         0  0  0  -1  0   2  2  0  0  0  0/0     8:41   0:00   0:00 
Joe Thornton             1  0  1   1  0   3  0  0  0  0  17/24  18:43   3:31   0:30 
Justin Schultz           0  0  0  -1  0   3  2  0  0  0  0/0    17:12   0:40   0:38 
Markus Granlund          0  0  0  -1  2   0  0  0  0  0  1/1     9:46   0:40   0:26 
Martin Necas             0  1  1   1  0   1  0  0  0  0  1/3    20:51   3:31   0:11 
Micheal Ferland          0  0  0   0  17  0  0  0  0  0  0/0     0:13   0:00   0:00 
Nate Schmidt             0  0  0   1  0   3  1  1  0  0  0/0    22:49   4:26   0:41 
Patrick Marleau          0  1  1   1  0   5  0  0  0  0  1/2    19:44   3:31   0:42 
Pavel Zacha              0  0  0  -1  0   1  1  0  0  0  12/22  20:23   3:45   0:37 
Radim Simek              0  0  0  -1  0   3  1  0  0  0  0/0    19:46   3:01   0:12 
Ryan Donato              0  0  0   0  4   0  0  1  0  0  7/14   15:04   3:56   0:00 
Shayne Gostisbehere      0  0  0  -1  0   1  2  1  0  0  0/0    21:14   3:41   0:26 

Players Stats for VANCOUVER

Player Name              G  A  P  +/- PIM S  H  SB GA TA FO     MP     PP MP  PK MP  
------------------------------------------------------------------------------------
Alex Steen               0  0  0   0  0   1  0  0  0  0  2/4    15:03   0:00   0:58 
Brian Boyle              1  0  1   1  2   1  0  0  0  0  0/0     5:11   0:00   1:00 
Colton Sissons           0  0  0   0  0   0  0  0  0  0  7/14   14:31   0:00   0:26 
Dennis Gilbert           0  0  0   0  0   0  0  0  0  0  0/0     3:10   0:00   0:00 
Erik Johnson             0  0  0   1  2   0  4  3  0  0  0/0    20:25   0:49   3:05 
Hampus Lindholm          1  0  1   0  2   1  1  0  0  0  0/0    21:08   0:30   4:06 
Jakub Vrana              0  0  0  -1  5   0  3  0  0  0  0/1    17:40   0:49   2:07 
Jonathan Huberdeau       0  1  1   1  0   7  1  1  0  0  0/1    20:31   0:30   4:23 
Kevin Labanc             0  0  0   0  0   2  1  0  0  0  0/0    14:05   0:00   0:00 
Luca Sbisa               0  0  0   0  0   1  3  0  0  0  0/0    15:15   0:00   0:56 
Mark Stone               1  1  2   2  2   3  1  1  0  0  5/12   24:08   0:30   3:49 
Matt Calvert             0  0  0   1  0   0  0  0  0  0  1/1     4:12   0:00   0:00 
Melker Karlsson          0  0  0   0  0   0  0  0  0  0  2/3     2:40   0:00   0:00 
Nazem Kadri              0  2  2   1  2   2  3  0  0  0  8/13   14:05   0:30   0:00 
Nick Schmaltz            0  0  0  -1  2   3  2  0  0  0  6/18   16:38   0:49   0:56 
Nikolaj Ehlers           0  0  0  -1  7   2  1  0  0  0  1/8    16:53   0:48   2:07 
Riley Stillman           0  0  0   0  2   0  0  2  0  0  0/0    14:18   0:00   0:00 
Ryan Ellis               0  2  2   1  0   0  0  2  0  0  0/0    24:32   0:49   4:01 
Sami Vatanen             0  0  0   0  2   1  1  1  0  0  0/0    21:08   0:30   4:06 
Troy Brouwer             0  0  0   0  0   0  1  0  0  0  0/0     1:54   0:00   0:00 

3 Stars

1 - Mark Stone (VAN)
2 - Ryan Ellis (VAN)
3 - Petr Mrazek (VAN)

Power Play

FLORIDA - 0 on 7 Attempt(s) - 0.00%
VANCOUVER - 1 on 3 Attempt(s) - 33.33%

Penalty Kill

FLORIDA - 2 on 3 Attempt(s) - 66.67% - Score 0 goal in Penalty Kill
VANCOUVER - 7 on 7 Attempt(s) - 100.00% - Score 0 goal in Penalty Kill

Team Stat

FLORIDA - Hits : 16 - Faceoff Wins : 43 - Blocked Shots : 3 - Penalty Minutes : 30
VANCOUVER - Hits : 22 - Faceoff Wins : 32 - Blocked Shots : 10 - Penalty Minutes : 28

Official

Referees : Mike Duco and Justin Ridenour
Linesman : Luke Murray and Jay Seo

Game Notes

General Fight at 1:29 of 1st period
Micheal Ferland beats up Nikolaj Ehlers at 1:29 of 1st period
Micheal Ferland ejected from game at 1:29 of 1st period
Jakub Vrana and Ilya Lyubushkin fight to a draw at 1:29 of 1st period

Finance

Level 1 -- Attendance: 5494 (91.57%) -- Ticket Income $472,484
Level 2 -- Attendance: 4399 (87.98%) -- Ticket Income $246,344
Level 3 -- Attendance: 1908 (95.40%) -- Ticket Income $61,056
Level 4 -- Attendance: 3660 (91.50%) -- Ticket Income $69,540
Luxury Box -- Attendance: 1000 (100.00%) -- Ticket Income $182,000
Game was played at the Rogers Arena.
Total Attendance: 16461 (91.45%)
Total Ticket Income: $1,031,424
Total Income: $1,031,424

FLORIDA

5 vs 5 Forward 
   Center                   Left Wing                Right Wing               Time % Phy DF OF 
 1 Joe Thornton             Patrick Marleau          Martin Necas             30     1   2  2  
 2 Pavel Zacha              Alex Galchenyuk          Brett Ritchie            28     1   2  2  
 3 Ryan Donato              Micheal Ferland          Denis Malgin             23     1   2  2  
 4 Drake Batherson          Markus Granlund          Joakim Nordstrom         19     1   2  2  

5 vs 5 Defense 
   Defense                  Defense                                           Time % Phy DF OF 
 1 Dante Fabbro             Nate Schmidt                                      35     1   2  2  
 2 Justin Schultz           Shayne Gostisbehere                               30     1   2  2  
 3 Radim Simek              Ilya Lyubushkin                                   25     1   2  2  
 4 Dante Fabbro             Ilya Lyubushkin                                   10     1   2  2  

PowerPlay Forward 
   Center                   Left Wing                Right Wing               Time % Phy DF OF 
 1 Joe Thornton             Patrick Marleau          Martin Necas             60     1   1  3  
 2 Pavel Zacha              Ryan Donato              Alex Galchenyuk          40     1   1  3  

PowerPlay Defense
   Defense                  Defense                                           Time % Phy DF OF 
 1 Dante Fabbro             Nate Schmidt                                      60     1   1  3  
 2 Shayne Gostisbehere      Radim Simek                                       40     1   1  3  

Penalty Kill 4 Players Forward 
   Center                   Wing                     Time % Phy DF OF 
 1 Pavel Zacha              Martin Necas             60     2   2  1  
 2 Joe Thornton             Patrick Marleau          40     2   2  1  

Penalty Kill 4 Players Defense
   Defense                  Defense                  Time % Phy DF OF 
 1 Dante Fabbro             Nate Schmidt             60     2   2  1  
 2 Justin Schultz           Radim Simek              40     2   2  1  

Penalty Kill - 3 Players Forward 
   Forward                                           Time % Phy DF OF 
 1 Pavel Zacha                                       60     2   2  1  
 2 Martin Necas                                      40     2   2  1  

Penalty Kill - 3 Players Defense
   Defense                  Defense                  Time % Phy DF OF 
 1 Dante Fabbro             Nate Schmidt             60     2   2  1  
 2 Justin Schultz           Radim Simek              40     2   2  1  

4 vs 4 Forward 
   Center                   Wing                     Time % Phy DF OF 
 1 Pavel Zacha              Martin Necas             60     2   1  2  
 2 Joe Thornton             Patrick Marleau          40     2   1  2  

4 vs 4 Defense
   Defense                  Defense                  Time % Phy DF OF 
 1 Dante Fabbro             Nate Schmidt             60     2   1  2  
 2 Shayne Gostisbehere      Radim Simek              40     2   1  2  

Last Minutes Offensive
   Center                   Left Wing                Right Wing               Defense                  Defense                  
   Joe Thornton             Ryan Donato              Martin Necas             Dante Fabbro             Nate Schmidt             

Last Minutes Defensive
   Center                   Left Wing                Right Wing               Defense                  Defense                  
   Joe Thornton             Patrick Marleau          Martin Necas             Dante Fabbro             Nate Schmidt             

Goaltenders
Starting : Jimmy Howard             
Backup : Marc-Andre Fleury        

Extra Forwards
Normal : Ryan Donato, Drake Batherson, Martin Necas - PP : Drake Batherson, Ryan Donato - PK : Drake Batherson
Extra Defensemen
Normal : Justin Schultz, Radim Simek, Nate Schmidt - PP : Justin Schultz - PK : Justin Schultz, Nate Schmidt
Penalty Shots
Drake Batherson, Martin Necas, Ryan Donato, Patrick Marleau, Alex Galchenyuk

Scratches
FLA Cap Hit (Suspend), Dillon Dube (Healthy), Tobias Bjornfot (Healthy)

VANCOUVER

5 vs 5 Forward 
   Center                   Left Wing                Right Wing               Time % Phy DF OF 
 1 Nazem Kadri              Jonathan Huberdeau       Mark Stone               35     1   2  2  
 2 Nick Schmaltz            Nikolaj Ehlers           Jakub Vrana              30     1   2  2  
 3 Colton Sissons           Alex Steen               Kevin Labanc             25     1   2  2  
 4 Mark Stone               Brian Boyle              Matt Calvert             10     1   2  2  

5 vs 5 Defense 
   Defense                  Defense                                           Time % Phy DF OF 
 1 Ryan Ellis               Erik Johnson                                      35     1   2  2  
 2 Hampus Lindholm          Sami Vatanen                                      30     1   2  2  
 3 Riley Stillman           Luca Sbisa                                        25     1   2  2  
 4 Dennis Gilbert           Ryan Ellis                                        10     1   2  2  

PowerPlay Forward 
   Center                   Left Wing                Right Wing               Time % Phy DF OF 
 1 Nazem Kadri              Jonathan Huberdeau       Mark Stone               60     1   2  2  
 2 Nick Schmaltz            Nikolaj Ehlers           Jakub Vrana              40     1   2  2  

PowerPlay Defense
   Defense                  Defense                                           Time % Phy DF OF 
 1 Ryan Ellis               Erik Johnson                                      60     1   2  2  
 2 Hampus Lindholm          Sami Vatanen                                      40     1   2  2  

Penalty Kill 4 Players Forward 
   Center                   Wing                     Time % Phy DF OF 
 1 Mark Stone               Jonathan Huberdeau       60     1   2  2  
 2 Nikolaj Ehlers           Jakub Vrana              40     1   2  2  

Penalty Kill 4 Players Defense
   Defense                  Defense                  Time % Phy DF OF 
 1 Ryan Ellis               Erik Johnson             60     1   2  2  
 2 Hampus Lindholm          Sami Vatanen             40     1   2  2  

Penalty Kill - 3 Players Forward 
   Forward                                           Time % Phy DF OF 
 1 Mark Stone                                        60     1   2  2  
 2 Jonathan Huberdeau                                40     1   2  2  

Penalty Kill - 3 Players Defense
   Defense                  Defense                  Time % Phy DF OF 
 1 Ryan Ellis               Erik Johnson             60     1   2  2  
 2 Hampus Lindholm          Sami Vatanen             40     1   2  2  

4 vs 4 Forward 
   Center                   Wing                     Time % Phy DF OF 
 1 Mark Stone               Jonathan Huberdeau       60     1   2  2  
 2 Nikolaj Ehlers           Jakub Vrana              40     1   2  2  

4 vs 4 Defense
   Defense                  Defense                  Time % Phy DF OF 
 1 Ryan Ellis               Erik Johnson             60     1   2  2  
 2 Hampus Lindholm          Sami Vatanen             40     1   2  2  

Last Minutes Offensive
   Center                   Left Wing                Right Wing               Defense                  Defense                  
   Nazem Kadri              Jonathan Huberdeau       Mark Stone               Ryan Ellis               Erik Johnson             

Last Minutes Defensive
   Center                   Left Wing                Right Wing               Defense                  Defense                  
   Nazem Kadri              Jonathan Huberdeau       Mark Stone               Ryan Ellis               Erik Johnson             

Goaltenders
Starting : Petr Mrazek              
Backup : Hunter Miska             

Extra Forwards
Normal : Melker Karlsson, Troy Brouwer, Alex Steen - PP : Melker Karlsson, Troy Brouwer - PK : Alex Steen
Extra Defensemen
Normal : Riley Stillman, Luca Sbisa, Dennis Gilbert - PP : Riley Stillman - PK : Luca Sbisa, Dennis Gilbert
Penalty Shots
Mark Stone, Jonathan Huberdeau, Nikolaj Ehlers, Jakub Vrana, Nazem Kadri

Scratches
Trevor Moore (Healthy), Sheldon Dries (Healthy), VAN Cap Hit (Suspend)

% Time on Ice - FLORIDA

Lines # - Real PCT - Wanted PCT - Time Play
Normal Forward
1 - 28% - 30% - 13:05
2 - 30% - 28% - 13:51
3 - 24% - 23% - 11:10
4 - 19% - 19% - 8:41
Normal Defense
1 - 35% - 35% - 16:18
2 - 31% - 30% - 14:41
3 - 30% - 25% - 14:07
4 - 4% - 10% - 1:41
PP Forward
1 - 52% - 60% - 4:11
2 - 48% - 40% - 3:56
PP Defense
1 - 55% - 60% - 4:26
2 - 45% - 40% - 3:41
PK Forward
1 - 80% - 60% - 1:03
2 - 20% - 40% - 0:16
PK Defense
1 - 52% - 60% - 0:41
2 - 48% - 40% - 0:38
PK3 Forward
1 - 0% - 60%
2 - 0% - 40%
PK3 Defense
1 - 0% - 60%
2 - 0% - 40%
44 Forward
1 - 57% - 60% - 2:10
2 - 43% - 40% - 1:37
44 Defense
1 - 36% - 60% - 1:21
2 - 64% - 40% - 2:26
Last Minute Offensive  - 0:00
Last Minute Defensive  - 0:00
Total
Forward - 60:00
Defense - 60:00

% Time on Ice - VANCOUVER

Lines # - Real PCT - Wanted PCT - Time Play
Normal Forward
1 - 29% - 35% - 13:36
2 - 32% - 30% - 14:54
3 - 30% - 25% - 14:05
4 - 9% - 10% - 4:12
Normal Defense
1 - 31% - 35% - 14:30
2 - 34% - 30% - 15:47
3 - 29% - 25% - 13:20
4 - 7% - 10% - 3:10
PP Forward
1 - 38% - 60% - 0:30
2 - 62% - 40% - 0:49
PP Defense
1 - 62% - 60% - 0:49
2 - 38% - 40% - 0:30
PK Forward
1 - 70% - 60% - 5:20
2 - 30% - 40% - 2:19
PK Defense
1 - 50% - 60% - 3:49
2 - 50% - 40% - 3:50
PK3 Forward
1 - 100% - 60% - 0:28
2 - 0% - 40% - 0:00
PK3 Defense
1 - 43% - 60% - 0:12
2 - 57% - 40% - 0:16
44 Forward
1 - 54% - 60% - 2:02
2 - 46% - 40% - 1:45
44 Defense
1 - 54% - 60% - 2:02
2 - 46% - 40% - 1:45
Last Minute Offensive  - 0:00
Last Minute Defensive  - 0:00
Total
Forward - 60:00
Defense - 60:00

Play-by-Play

1st period


0:01 of 1st period - Joe Thornton wins face-off versus Nazem Kadri in neutral zone.
0:10 of 1st period - Martin Necas is hit by Nazem Kadri and loses puck.
0:59 of 1st period - Pavel Zacha is hit by Nick Schmaltz and loses puck.
1:12 of 1st period - Hampus Lindholm is hit by Pavel Zacha.
1:15 of 1st period - Icing by Nick Schmaltz.
1:16 of 1st period - Ryan Donato wins face-off versus Nick Schmaltz in VANCOUVER zone.
1:16 of 1st period - Ryan Donato is hit by Hampus Lindholm.
1:29 of 1st period - Micheal Ferland beats up Nikolaj Ehlers.
1:29 of 1st period - Penalty to Nikolaj Ehlers for Fighting.
1:29 of 1st period - Penalty to Micheal Ferland for Fighting.
1:29 of 1st period - Penalty to Micheal Ferland for instigated a fight.
1:29 of 1st period - Micheal Ferland is ejected from game.
1:29 of 1st period - Jakub Vrana and Ilya Lyubushkin fight to a draw.
1:29 of 1st period - Penalty to Jakub Vrana for Fighting.
1:29 of 1st period - Penalty to Ilya Lyubushkin for Fighting.
1:29 of 1st period - Minor Penalty to Nick Schmaltz for Slashing.
1:29 of 1st period - Minor Penalty to Hampus Lindholm for Roughing.
1:29 of 1st period - Minor Penalty to Denis Malgin for Roughing.
1:29 of 1st period - Minor Penalty to Ryan Donato for Roughing.
1:29 of 1st period - Minor Penalty to Sami Vatanen for Interference.
1:30 of 1st period - Pavel Zacha wins face-off versus Mark Stone in VANCOUVER zone.
1:58 of 1st period - Shot by Jonathan Huberdeau.
1:58 of 1st period - Shot Misses the Net.
2:13 of 1st period - Icing by Riley Stillman.
2:14 of 1st period - Melker Karlsson wins face-off versus Joe Thornton in VANCOUVER zone.
2:18 of 1st period - Off-side.
2:19 of 1st period - Joe Thornton wins face-off versus Melker Karlsson in neutral zone.
3:29 of 1st period - Icing by Erik Johnson.
3:30 of 1st period - Markus Granlund wins face-off versus Colton Sissons in VANCOUVER zone.
4:28 of 1st period - Shot by Nick Schmaltz.
4:28 of 1st period - Stopped by Jimmy Howard without a rebound.
4:29 of 1st period - Nazem Kadri wins face-off versus Pavel Zacha in FLORIDA zone.
4:32 of 1st period - Shot by Jonathan Huberdeau.
4:32 of 1st period - Stopped by Jimmy Howard with a rebound.
4:42 of 1st period - Shot by Alex Galchenyuk.
4:42 of 1st period - Shot Blocked by Jonathan Huberdeau.
4:44 of 1st period - Shot by Brett Ritchie.
4:44 of 1st period - Shot Misses the Net.
4:46 of 1st period - Shot by Pavel Zacha.
4:46 of 1st period - Shot Misses the Net.
4:48 of 1st period - Shot by Justin Schultz.
4:48 of 1st period - Stopped by Petr Mrazek with a rebound.
4:50 of 1st period - Shot by Radim Simek.
4:50 of 1st period - Stopped by Petr Mrazek with a rebound.
4:52 of 1st period - Shot by Pavel Zacha.
4:52 of 1st period - Shot Blocked by Riley Stillman.
4:57 of 1st period - Minor Penalty to Riley Stillman for Elbowing.
4:58 of 1st period - Nick Schmaltz wins face-off versus Ryan Donato in VANCOUVER zone.
5:00 of 1st period - Icing by Ryan Ellis.
5:01 of 1st period - Nick Schmaltz wins face-off versus Martin Necas in VANCOUVER zone.
5:07 of 1st period - Off-side.
5:08 of 1st period - Joe Thornton wins face-off versus Nick Schmaltz in neutral zone.
5:10 of 1st period - Off-side.
5:11 of 1st period - Joe Thornton wins face-off versus Nick Schmaltz in neutral zone.
5:11 of 1st period - Martin Necas is hit by Troy Brouwer and loses puck.
5:21 of 1st period - Martin Necas is hit by Erik Johnson and loses puck.
5:39 of 1st period - Joe Thornton is hit by Erik Johnson and loses puck.
5:42 of 1st period - Shot by Joe Thornton.
5:42 of 1st period - Shot Misses the Net.
5:44 of 1st period - Shot by Dante Fabbro.
5:44 of 1st period - Deflect By Joe Thornton.
5:44 of 1st period - Shot Blocked by Erik Johnson.
5:46 of 1st period - Shot by Justin Schultz.
5:46 of 1st period - Stopped by Petr Mrazek without a rebound.
5:46 of 1st period - Minor Penalty to Erik Johnson for Holding.
5:47 of 1st period - Mark Stone wins face-off versus Pavel Zacha in VANCOUVER zone.
6:06 of 1st period - Shot by Shayne Gostisbehere.
6:06 of 1st period - Shot Misses the Net.
6:08 of 1st period - Shot by Alex Galchenyuk.
6:08 of 1st period - Shot Misses the Net.
6:10 of 1st period - Shot by Pavel Zacha.
6:10 of 1st period - Shot Misses the Net.
6:34 of 1st period - Shot by Dante Fabbro.
6:34 of 1st period - Shot Misses the Net.
6:36 of 1st period - Shot by Martin Necas.
6:36 of 1st period - Stopped by Petr Mrazek without a rebound.
6:37 of 1st period - Joe Thornton wins face-off versus Mark Stone in VANCOUVER zone.
6:38 of 1st period - Shot by Nate Schmidt.
6:38 of 1st period - Stopped by Petr Mrazek with a rebound.
6:40 of 1st period - Shot by Joe Thornton.
6:40 of 1st period - The goal is going for a video replay.
6:40 of 1st period - The goal is refused.
6:41 of 1st period - Joe Thornton wins face-off versus Mark Stone in VANCOUVER zone.
6:44 of 1st period - Shot by Dante Fabbro.
6:44 of 1st period - Shot Misses the Net.
7:15 of 1st period - Icing by Dante Fabbro.
7:16 of 1st period - Martin Necas wins face-off versus Mark Stone in FLORIDA zone.
7:24 of 1st period - Shot by Patrick Marleau.
7:24 of 1st period - Stopped by Petr Mrazek with a rebound.
7:35 of 1st period - Icing by Shayne Gostisbehere.
7:36 of 1st period - Pavel Zacha wins face-off versus Nikolaj Ehlers in FLORIDA zone.
8:02 of 1st period - Shot by Alex Steen.
8:02 of 1st period - Shot Misses the Net.
8:04 of 1st period - Shot by Kevin Labanc.
8:04 of 1st period - Shot Misses the Net.
8:15 of 1st period - Minor Penalty to Markus Granlund for Hooking.
8:16 of 1st period - Pavel Zacha wins face-off versus Nick Schmaltz in FLORIDA zone.
8:16 of 1st period - Pavel Zacha is hit by Nick Schmaltz.
8:26 of 1st period - Minor Penalty to Nikolaj Ehlers for Tripping.
8:27 of 1st period - Pavel Zacha wins face-off versus Mark Stone in VANCOUVER zone.
8:46 of 1st period - Shot by Mark Stone.
8:46 of 1st period - Shot Misses the Net.
9:25 of 1st period - Shot by Patrick Marleau.
9:25 of 1st period - Stopped by Petr Mrazek without a rebound.
9:26 of 1st period - Melker Karlsson wins face-off versus Pavel Zacha in VANCOUVER zone.
9:47 of 1st period - Shot by Jakub Vrana.
9:47 of 1st period - Shot Misses the Net.
9:49 of 1st period - Shot by Melker Karlsson.
9:49 of 1st period - Shot Misses the Net.
10:35 of 1st period - Shot by Drake Batherson.
10:35 of 1st period - Shot Misses the Net.
10:42 of 1st period - Minor Penalty to Ryan Donato for Delaying the game.
10:43 of 1st period - Joe Thornton wins face-off versus Nick Schmaltz in FLORIDA zone.
10:50 of 1st period - Shot by Patrick Marleau.
10:50 of 1st period - Deflect By Joe Thornton.
10:50 of 1st period - Shot Misses the Net.
11:42 of 1st period - Shot by Jonathan Huberdeau.
11:42 of 1st period - Stopped by Jimmy Howard with a rebound.
11:48 of 1st period - Shot by Jonathan Huberdeau.
11:48 of 1st period - Deflect By Nazem Kadri.
11:48 of 1st period - Stopped by Jimmy Howard with a rebound.
11:50 of 1st period - Shot by Hampus Lindholm.
11:50 of 1st period - Goal by Hampus Lindholm - FLORIDA : 0 - VANCOUVER : 1.
11:51 of 1st period - Colton Sissons wins face-off versus Ryan Donato in neutral zone.
12:05 of 1st period - Drake Batherson is hit by Luca Sbisa and loses puck.
12:23 of 1st period - Icing by Riley Stillman.
12:24 of 1st period - Joe Thornton wins face-off versus Alex Steen in VANCOUVER zone.
12:24 of 1st period - Joe Thornton is hit by Luca Sbisa.
12:28 of 1st period - Shot by Dante Fabbro.
12:28 of 1st period - Shot Blocked by Riley Stillman.
13:33 of 1st period - Shot by Justin Schultz.
13:33 of 1st period - Stopped by Petr Mrazek with a rebound.
13:35 of 1st period - Shot by Joakim Nordstrom.
13:35 of 1st period - Stopped by Petr Mrazek without a rebound.
13:36 of 1st period - Pavel Zacha wins face-off versus Nick Schmaltz in VANCOUVER zone.
14:08 of 1st period - Shot by Brett Ritchie.
14:08 of 1st period - Shot Misses the Net.
14:28 of 1st period - Icing by Erik Johnson.
14:29 of 1st period - Nick Schmaltz wins face-off versus Patrick Marleau in VANCOUVER zone.
14:31 of 1st period - Icing by Nikolaj Ehlers.
14:32 of 1st period - Joe Thornton wins face-off versus Nikolaj Ehlers in VANCOUVER zone.
14:41 of 1st period - Shot by Patrick Marleau.
14:41 of 1st period - Shot Blocked by Ryan Ellis.
15:02 of 1st period - Shot by Mark Stone.
15:02 of 1st period - Shot Blocked by Nate Schmidt.
15:04 of 1st period - Shot by Mark Stone.
15:04 of 1st period - Stopped by Jimmy Howard without a rebound.
15:05 of 1st period - Ryan Donato wins face-off versus Colton Sissons in FLORIDA zone.
16:39 of 1st period - Mark Stone is hit by Brett Ritchie and loses puck.
16:47 of 1st period - Shot by Alex Galchenyuk.
16:47 of 1st period - Shot Misses the Net.
17:37 of 1st period - Icing by Joe Thornton.
17:38 of 1st period - Joe Thornton wins face-off versus Colton Sissons in FLORIDA zone.
18:23 of 1st period - Minor Penalty to Mark Stone for Interference.
18:24 of 1st period - Pavel Zacha wins face-off versus Colton Sissons in VANCOUVER zone.
18:40 of 1st period - Shot by Dante Fabbro.
18:40 of 1st period - Stopped by Petr Mrazek without a rebound.
18:41 of 1st period - Nick Schmaltz wins face-off versus Pavel Zacha in VANCOUVER zone.
18:56 of 1st period - Shot by Dante Fabbro.
18:56 of 1st period - Shot Misses the Net.
19:47 of 1st period - Shot by Drake Batherson.
19:47 of 1st period - Shot Misses the Net.
Goals for this period are 0 for FLORIDA vs 1 for VANCOUVER.
Shots for this period are 11 for FLORIDA vs 6 for VANCOUVER.

2nd period


0:01 of 2nd period - Joe Thornton wins face-off versus Jonathan Huberdeau in neutral zone.
0:04 of 2nd period - Shot by Nate Schmidt.
0:04 of 2nd period - Stopped by Petr Mrazek without a rebound.
0:05 of 2nd period - Alex Steen wins face-off versus Joe Thornton in VANCOUVER zone.
0:18 of 2nd period - Shot by Patrick Marleau.
0:18 of 2nd period - Stopped by Petr Mrazek without a rebound.
0:19 of 2nd period - Pavel Zacha wins face-off versus Alex Steen in VANCOUVER zone.
0:40 of 2nd period - Shot by Luca Sbisa.
0:40 of 2nd period - Stopped by Jimmy Howard without a rebound.
0:41 of 2nd period - Pavel Zacha wins face-off versus Nazem Kadri in FLORIDA zone.
0:41 of 2nd period - Brett Ritchie is hit by Nazem Kadri and loses puck.
1:18 of 2nd period - Icing by Ryan Ellis.
1:19 of 2nd period - Nazem Kadri wins face-off versus Drake Batherson in VANCOUVER zone.
1:27 of 2nd period - Minor Penalty to Nazem Kadri for Hooking.
1:28 of 2nd period - Joe Thornton wins face-off versus Nikolaj Ehlers in VANCOUVER zone.
1:39 of 2nd period - Shot by Patrick Marleau.
1:39 of 2nd period - Stopped by Petr Mrazek without a rebound.
1:40 of 2nd period - Mark Stone wins face-off versus Joe Thornton in VANCOUVER zone.
1:57 of 2nd period - Shot by Nate Schmidt.
1:57 of 2nd period - Shot Misses the Net.
2:33 of 2nd period - Shot by Nikolaj Ehlers.
2:33 of 2nd period - Stopped by Jimmy Howard without a rebound.
2:34 of 2nd period - Nikolaj Ehlers wins face-off versus Pavel Zacha in FLORIDA zone.
2:51 of 2nd period - Icing by Radim Simek.
2:52 of 2nd period - Pavel Zacha wins face-off versus Nikolaj Ehlers in FLORIDA zone.
2:59 of 2nd period - Shot by Radim Simek.
2:59 of 2nd period - Shot Misses the Net.
3:24 of 2nd period - Off-side.
3:25 of 2nd period - Joe Thornton wins face-off versus Mark Stone in neutral zone.
3:32 of 2nd period - Shot by Kevin Labanc.
3:32 of 2nd period - Stopped by Jimmy Howard without a rebound.
3:33 of 2nd period - Joe Thornton wins face-off versus Nick Schmaltz in FLORIDA zone.
3:37 of 2nd period - Martin Necas is hit by Erik Johnson and loses puck.
3:42 of 2nd period - Shot by Joe Thornton.
3:42 of 2nd period - Goal by Joe Thornton - FLORIDA : 1 - VANCOUVER : 1.
3:43 of 2nd period - Drake Batherson wins face-off versus Nazem Kadri in neutral zone.
3:50 of 2nd period - Shot by Joakim Nordstrom.
3:50 of 2nd period - Shot Blocked by Erik Johnson.
4:08 of 2nd period - Off-side.
4:09 of 2nd period - Nick Schmaltz wins face-off versus Pavel Zacha in neutral zone.
4:22 of 2nd period - Shot by Nick Schmaltz.
4:22 of 2nd period - Shot Misses the Net.
4:33 of 2nd period - Justin Schultz is hit by Jakub Vrana and loses puck.
4:47 of 2nd period - Nikolaj Ehlers is hit by Justin Schultz and loses puck.
5:13 of 2nd period - Icing by Nate Schmidt.
5:14 of 2nd period - Colton Sissons wins face-off versus Ryan Donato in FLORIDA zone.
5:14 of 2nd period - Colton Sissons is hit by Dante Fabbro.
5:20 of 2nd period - Shot by Alex Steen.
5:20 of 2nd period - Stopped by Jimmy Howard with a rebound.
6:44 of 2nd period - Shot by Jonathan Huberdeau.
6:44 of 2nd period - Stopped by Jimmy Howard without a rebound.
6:45 of 2nd period - Pavel Zacha wins face-off versus Nick Schmaltz in FLORIDA zone.
6:45 of 2nd period - Pavel Zacha is hit by Jakub Vrana.
6:56 of 2nd period - Icing by Sami Vatanen.
6:57 of 2nd period - Drake Batherson wins face-off versus Nick Schmaltz in VANCOUVER zone.
7:02 of 2nd period - Shot by Markus Granlund.
7:02 of 2nd period - Shot Misses the Net.
7:07 of 2nd period - Sami Vatanen is hit by Drake Batherson and loses puck.
7:52 of 2nd period - Justin Schultz is hit by Mark Stone and loses puck.
7:56 of 2nd period - Alex Galchenyuk is hit by Jonathan Huberdeau and loses puck.
8:12 of 2nd period - Alex Galchenyuk is hit by Erik Johnson.
9:22 of 2nd period - Shot by Joe Thornton.
9:22 of 2nd period - Stopped by Petr Mrazek without a rebound.
9:23 of 2nd period - Mark Stone wins face-off versus Drake Batherson in VANCOUVER zone.
9:29 of 2nd period - Minor Penalty to Brian Boyle for Slashing.
9:30 of 2nd period - Joe Thornton wins face-off versus Mark Stone in VANCOUVER zone.
9:39 of 2nd period - Shot by Dante Fabbro.
9:39 of 2nd period - Shot Misses the Net.
10:45 of 2nd period - Shot by Ryan Donato.
10:45 of 2nd period - Shot Misses the Net.
10:47 of 2nd period - Shot by Radim Simek.
10:47 of 2nd period - Stopped by Petr Mrazek with a rebound.
10:49 of 2nd period - Shot by Radim Simek.
10:49 of 2nd period - Stopped by Petr Mrazek without a rebound.
10:50 of 2nd period - Joe Thornton wins face-off versus Nikolaj Ehlers in VANCOUVER zone.
10:53 of 2nd period - Shot by Nate Schmidt.
10:53 of 2nd period - Shot Blocked by Ryan Ellis.
11:07 of 2nd period - Shot by Dante Fabbro.
11:07 of 2nd period - Shot Blocked by Mark Stone.
11:09 of 2nd period - Shot by Joe Thornton.
11:09 of 2nd period - Shot Blocked by Sami Vatanen.
11:11 of 2nd period - Shot by Nate Schmidt.
11:11 of 2nd period - Stopped by Petr Mrazek with a rebound.
11:15 of 2nd period - Shot by Dante Fabbro.
11:15 of 2nd period - Stopped by Petr Mrazek without a rebound.
11:16 of 2nd period - Pavel Zacha wins face-off versus Nikolaj Ehlers in VANCOUVER zone.
11:23 of 2nd period - Shot by Radim Simek.
11:23 of 2nd period - Shot Misses the Net.
11:25 of 2nd period - Shot by Radim Simek.
11:25 of 2nd period - Shot Misses the Net.
11:27 of 2nd period - Shot by Shayne Gostisbehere.
11:27 of 2nd period - Shot Misses the Net.
11:49 of 2nd period - Shot by Kevin Labanc.
11:49 of 2nd period - Stopped by Jimmy Howard without a rebound.
11:50 of 2nd period - Ryan Donato wins face-off versus Jakub Vrana in FLORIDA zone.
11:57 of 2nd period - Icing by Hampus Lindholm.
11:58 of 2nd period - Ryan Donato wins face-off versus Nick Schmaltz in VANCOUVER zone.
12:19 of 2nd period - Dante Fabbro is hit by Nikolaj Ehlers and loses puck.
12:43 of 2nd period - Nikolaj Ehlers is hit by Shayne Gostisbehere and loses puck.
13:15 of 2nd period - Mark Stone is hit by Shayne Gostisbehere and loses puck.
13:49 of 2nd period - Icing by Ilya Lyubushkin.
13:50 of 2nd period - Alex Steen wins face-off versus Pavel Zacha in FLORIDA zone.
15:01 of 2nd period - Shot by Nikolaj Ehlers.
15:01 of 2nd period - Shot Misses the Net.
16:48 of 2nd period - Shot by Alex Steen.
16:48 of 2nd period - Shot Misses the Net.
17:48 of 2nd period - Shot by Nazem Kadri.
17:48 of 2nd period - Stopped by Jimmy Howard with a rebound.
17:50 of 2nd period - Shot by Mark Stone.
17:50 of 2nd period - Goal by Mark Stone - FLORIDA : 1 - VANCOUVER : 2.
17:51 of 2nd period - Joe Thornton wins face-off versus Nazem Kadri in neutral zone.
17:53 of 2nd period - Off-side.
17:54 of 2nd period - Nazem Kadri wins face-off versus Martin Necas in neutral zone.
18:10 of 2nd period - Justin Schultz is hit by Luca Sbisa and loses puck.
18:17 of 2nd period - Shot by Jonathan Huberdeau.
18:17 of 2nd period - Stopped by Jimmy Howard with a rebound.
18:26 of 2nd period - Off-side.
18:27 of 2nd period - Ryan Donato wins face-off versus Colton Sissons in neutral zone.
19:17 of 2nd period - Hampus Lindholm is hit by Drake Batherson and loses puck.
Goals for this period are 1 for FLORIDA vs 1 for VANCOUVER.
Shots for this period are 9 for FLORIDA vs 9 for VANCOUVER.

3rd period


0:01 of 3rd period - Patrick Marleau wins face-off versus Nazem Kadri in neutral zone.
0:01 of 3rd period - Patrick Marleau is hit by Nazem Kadri.
0:12 of 3rd period - Shot by Patrick Marleau.
0:12 of 3rd period - Shot Blocked by Erik Johnson.
0:24 of 3rd period - Icing by Ryan Ellis.
0:25 of 3rd period - Nazem Kadri wins face-off versus Pavel Zacha in VANCOUVER zone.
0:37 of 3rd period - Shot by Jonathan Huberdeau.
0:37 of 3rd period - Stopped by Jimmy Howard with a rebound.
0:39 of 3rd period - Shot by Erik Johnson.
0:39 of 3rd period - Shot Misses the Net.
0:59 of 3rd period - Shot by Alex Galchenyuk.
0:59 of 3rd period - Shot Misses the Net.
1:59 of 3rd period - Off-side.
2:00 of 3rd period - Drake Batherson wins face-off versus Colton Sissons in neutral zone.
2:19 of 3rd period - Shot by Markus Granlund.
2:19 of 3rd period - Shot Misses the Net.
3:55 of 3rd period - Shot by Nikolaj Ehlers.
3:55 of 3rd period - Stopped by Jimmy Howard without a rebound.
3:56 of 3rd period - Colton Sissons wins face-off versus Ryan Donato in FLORIDA zone.
4:16 of 3rd period - Shot by Shayne Gostisbehere.
4:16 of 3rd period - Stopped by Petr Mrazek without a rebound.
4:17 of 3rd period - Nazem Kadri wins face-off versus Pavel Zacha in VANCOUVER zone.
4:34 of 3rd period - Shot by Jonathan Huberdeau.
4:34 of 3rd period - Stopped by Jimmy Howard with a rebound.
4:36 of 3rd period - Shot by Erik Johnson.
4:36 of 3rd period - Shot Misses the Net.
4:48 of 3rd period - Shot by Nazem Kadri.
4:48 of 3rd period - Shot Misses the Net.
5:44 of 3rd period - Justin Schultz is hit by Sami Vatanen and loses puck.
6:23 of 3rd period - Icing by Ilya Lyubushkin.
6:24 of 3rd period - Matt Calvert wins face-off versus Joe Thornton in FLORIDA zone.
6:56 of 3rd period - Matt Calvert is hit by Radim Simek and loses puck.
7:25 of 3rd period - Shot by Colton Sissons.
7:25 of 3rd period - Shot Misses the Net.
7:27 of 3rd period - Shot by Luca Sbisa.
7:27 of 3rd period - Shot Blocked by Shayne Gostisbehere.
7:29 of 3rd period - Shot by Colton Sissons.
7:29 of 3rd period - Shot Misses the Net.
7:31 of 3rd period - Shot by Kevin Labanc.
7:31 of 3rd period - Shot Blocked by Ryan Donato.
7:37 of 3rd period - Shot by Alex Steen.
7:37 of 3rd period - Deflect By Colton Sissons.
7:37 of 3rd period - Shot Misses the Net.
7:39 of 3rd period - Shot by Luca Sbisa.
7:39 of 3rd period - Shot Misses the Net.
8:49 of 3rd period - Shot by Jonathan Huberdeau.
8:49 of 3rd period - Stopped by Jimmy Howard with a rebound.
8:51 of 3rd period - Shot by Mark Stone.
8:51 of 3rd period - Stopped by Jimmy Howard without a rebound.
8:52 of 3rd period - Mark Stone wins face-off versus Drake Batherson in FLORIDA zone.
9:20 of 3rd period - Shot by Ryan Ellis.
9:20 of 3rd period - Shot Misses the Net.
9:22 of 3rd period - Shot by Brian Boyle.
9:22 of 3rd period - Goal by Brian Boyle - FLORIDA : 1 - VANCOUVER : 3.
9:23 of 3rd period - Colton Sissons wins face-off versus Ryan Donato in neutral zone.
10:01 of 3rd period - Icing by Luca Sbisa.
10:02 of 3rd period - Colton Sissons wins face-off versus Pavel Zacha in VANCOUVER zone.
10:53 of 3rd period - Shot by Nick Schmaltz.
10:53 of 3rd period - Stopped by Jimmy Howard without a rebound.
10:54 of 3rd period - Nazem Kadri wins face-off versus Drake Batherson in FLORIDA zone.
10:59 of 3rd period - Shot by Sami Vatanen.
10:59 of 3rd period - Stopped by Jimmy Howard without a rebound.
11:00 of 3rd period - Nazem Kadri wins face-off versus Joe Thornton in FLORIDA zone.
11:02 of 3rd period - Jonathan Huberdeau is hit by Justin Schultz and loses puck.
11:31 of 3rd period - Icing by Hampus Lindholm.
11:32 of 3rd period - Nazem Kadri wins face-off versus Drake Batherson in VANCOUVER zone.
11:32 of 3rd period - Mark Stone is hit by Joakim Nordstrom.
12:02 of 3rd period - Shot by Markus Granlund.
12:02 of 3rd period - Shot Misses the Net.
12:14 of 3rd period - Mark Stone is hit by Drake Batherson and loses puck.
12:18 of 3rd period - Sami Vatanen is hit by Joakim Nordstrom and loses puck.
12:35 of 3rd period - Icing by Dante Fabbro.
12:36 of 3rd period - Ryan Donato wins face-off versus Nick Schmaltz in FLORIDA zone.
13:57 of 3rd period - Shot by Kevin Labanc.
13:57 of 3rd period - Shot Misses the Net.
15:08 of 3rd period - Shot by Patrick Marleau.
15:08 of 3rd period - Stopped by Petr Mrazek without a rebound.
15:09 of 3rd period - Nick Schmaltz wins face-off versus Ryan Donato in VANCOUVER zone.
15:15 of 3rd period - Sami Vatanen is hit by Nate Schmidt and loses puck.
15:36 of 3rd period - Shot by Denis Malgin.
15:36 of 3rd period - Stopped by Petr Mrazek without a rebound.
15:37 of 3rd period - Pavel Zacha wins face-off versus Colton Sissons in VANCOUVER zone.
15:52 of 3rd period - Shot by Pavel Zacha.
15:52 of 3rd period - Stopped by Petr Mrazek without a rebound.
15:53 of 3rd period - Drake Batherson wins face-off versus Nick Schmaltz in VANCOUVER zone.
16:21 of 3rd period - Off-side.
16:22 of 3rd period - Colton Sissons wins face-off versus Joe Thornton in neutral zone.
16:38 of 3rd period - Patrick Marleau is hit by Kevin Labanc and loses puck.
17:30 of 3rd period - Shot by Pavel Zacha.
17:30 of 3rd period - Deflect By Brett Ritchie.
17:30 of 3rd period - Shot Misses the Net.
18:23 of 3rd period - Shot by Joakim Nordstrom.
18:23 of 3rd period - Stopped by Petr Mrazek without a rebound.
18:24 of 3rd period - Ryan Donato wins face-off versus Nikolaj Ehlers in VANCOUVER zone.
18:41 of 3rd period - Shot by Nick Schmaltz.
18:41 of 3rd period - Stopped by Jimmy Howard without a rebound.
18:42 of 3rd period - Colton Sissons wins face-off versus Joe Thornton in FLORIDA zone.
18:59 of 3rd period - Alex Steen is hit by Ilya Lyubushkin and loses puck.
19:05 of 3rd period - Kevin Labanc is hit by Ilya Lyubushkin and loses puck.
19:31 of 3rd period - Martin Necas is hit by Jakub Vrana and loses puck.
19:47 of 3rd period - Off-side.
19:48 of 3rd period - Mark Stone wins face-off versus Ryan Donato in neutral zone.
Goals for this period are 0 for FLORIDA vs 1 for VANCOUVER.
Shots for this period are 5 for FLORIDA vs 9 for VANCOUVER.